Kings vs Senateurs
(R1)
Created - October 29, 2017 at 21:01
Goals
|
Kings |
0 |
0 |
1 |
1 |
Senateurs |
3 |
0 |
1 |
4 |
|
Shots
|
Kings |
6 |
7 |
10 |
23 |
Senateurs |
7 |
4 |
8 |
19 |
|
1st period
1. Senateurs , Cody Hodgson 2 (Brenden Morrow 4) at 1:48
2. Senateurs , Vladimir Mihalik 2 (Dan Hamhuis 3, Brenden Morrow 5) at 5:30
3. Senateurs , Ramzi Abid 2 (Brandon Dubinsky 2, B.J. Crombeen 1) at 11:42
Penalties :
Vladimir Mihalik (Ott) for Holding (Minor) at 3:16, Vladimir Mihalik (Ott) for Hooking (Minor) at 5:52, Anze Kopitar (LAK) for Holding (Minor) at 13:02, Kurtis Foster (Ott) for Interference (Minor) at 17:23, Arturs Kulda (Ott) for High sticking (Minor) at 17:41
2nd period
No Goal
Penalties :
Michal Rozsival (LAK) for Hooking (Minor) at 1:38, Michal Rozsival (LAK) for Interference (Minor) at 6:00, Vladimir Mihalik (Ott) for Roughing (Minor) at 12:12, Brandon Dubinsky (Ott) for Roughing (Minor) at 15:42
3rd period
4. Senateurs , B.J. Crombeen 1 (Dan Hamhuis 4, Brandon Dubinsky 3) at 5:59
5. Kings , Johnny Gaudreau 2 (Jason Pominville 3) at 10:18
Penalties :
Kurtis Foster (Ott) for High sticking (Minor) at 6:23, Mike Comrie (LAK) for Holding (Minor) at 10:19, Vladimir Mihalik (Ott) for Roughing (Minor) at 14:18
Goalie Stats
Frederik Andersen (LAK), 11 saves from 15 shots - (0.733), L, 1-4-0, 45:59 minutes
Mike Brodeur (LAK), 4 saves from 4 shots - (1.000), 14:01 minutes
Ondrej Pavelec (Ott), 22 saves from 23 shots - (0.957), W, 1-7-1, 60:00 minutes
Players Stats for Kings
Player Name G A P +/- PIM S H SB GA TA FO MP PP MP PK MP
------------------------------------------------------------------------------------
Anze Kopitar 0 0 0 0 2 3 4 0 1 0 9/12 20:07 7:42 1:51
Brendan Smith 0 0 0 -2 0 1 2 1 0 0 0/0 24:47 8:18 4:59
Chris Mcallister 0 0 0 0 0 1 2 1 1 0 0/2 13:52 0:02 3:59
Connor Brown 0 0 0 -2 0 0 1 0 0 0 0/0 9:28 0:13 0:00
Darroll Powe 0 0 0 -2 0 1 0 0 0 0 1/2 8:44 0:00 0:13
Drew Doughty 0 0 0 0 0 1 1 2 1 1 0/0 24:14 8:16 2:24
Drew Miller 0 0 0 -1 0 3 1 0 0 0 0/0 17:22 6:19 1:57
Ian White 0 0 0 -1 0 0 1 1 0 0 0/0 19:59 5:55 1:01
Jason Pominville 0 1 1 0 0 3 1 0 0 0 1/1 19:05 7:39 1:44
Johnny Gaudreau 1 0 1 0 0 2 2 0 0 0 1/2 18:42 6:09 2:00
Jordan Nolan 0 0 0 0 0 6 1 1 0 0 8/15 17:48 7:35 1:10
Matt Irwin 0 0 0 -2 0 1 0 0 0 0 0/0 13:00 0:00 1:17
Michal Rozsival 0 0 0 0 4 0 1 2 0 2 0/0 15:30 0:00 2:25
Mike Comrie 0 0 0 -1 2 0 1 0 0 0 6/12 12:18 0:00 2:58
Nikita Kucherov 0 0 0 -1 0 1 0 0 0 0 0/0 15:25 6:19 0:00
Ryan Callahan 0 0 0 0 0 0 0 0 0 0 0/1 10:13 0:33 0:00
Torey Krug 0 0 0 -1 0 0 0 0 0 1 0/0 22:55 5:55 3:46
Vojtech Polak 0 0 0 -2 0 0 2 0 0 0 0/0 8:31 0:00 0:00
Players Stats for Senateurs
Player Name G A P +/- PIM S H SB GA TA FO MP PP MP PK MP
------------------------------------------------------------------------------------
Arturs Kulda 0 0 0 2 2 0 0 0 0 1 0/0 15:13 0:00 3:45
B.J. Crombeen 1 1 2 2 0 3 0 0 1 0 0/0 11:15 0:12 0:11
Brandon Dubinsky 0 2 2 2 2 2 1 0 0 0 5/7 11:31 0:00 0:30
Brenden Morrow 0 2 2 1 0 0 5 1 0 0 0/0 20:31 3:28 5:11
Carlo Colaiacovo 0 0 0 -1 0 0 1 1 0 0 0/0 22:17 3:48 7:02
Cody Hodgson 1 0 1 0 0 2 1 0 1 0 3/9 15:16 3:28 0:00
Dan Girardi 0 0 0 2 0 0 0 0 0 1 0/0 12:52 0:00 1:18
Dan Hamhuis 0 2 2 2 0 1 0 2 1 0 0/0 27:38 4:08 8:37
Evgeni Malkin 0 0 0 0 0 4 1 0 0 0 11/27 24:35 4:16 7:18
George Parros 0 0 0 0 0 2 4 0 0 0 0/0 17:22 4:09 3:20
Johan Franzen 0 0 0 0 0 0 0 0 0 0 0/0 15:16 3:28 0:00
Kurtis Foster 0 0 0 2 4 0 1 0 0 0 0/0 25:08 4:08 5:45
Milan Hejduk 0 0 0 0 0 1 0 0 0 0 0/0 4:26 0:00 0:00
Pascal Dupuis 0 0 0 0 0 0 0 0 0 0 0/0 2:30 0:24 0:00
Ramzi Abid 1 0 1 3 0 1 0 0 0 0 1/1 14:42 0:00 3:09
Rob Schremp 0 0 0 0 0 1 0 0 0 0 0/1 4:26 0:00 0:00
Thomas Vanek 0 0 0 0 0 1 2 0 1 0 1/2 21:23 4:23 6:54
Vladimir Mihalik 1 0 1 0 8 1 1 3 0 1 0/0 17:39 3:48 2:02
3 Stars
1 - B.J. Crombeen (Ott)
2 - Brenden Morrow (Ott)
3 - Ramzi Abid (Ott)
Power Play
Kings - 0 on 8 Attempt(s) - 0.00%
Senateurs - 0 on 4 Attempt(s) - 0.00%
Penalty Kill
Kings - 4 on 4 Attempt(s) - 100.00%
- Score 0 goal in Penalty Kill
Senateurs - 8 on 8 Attempt(s) - 100.00%
- Score 0 goal in Penalty Kill
Team Stat
Kings - Hits : 20 - Faceoff Wins : 26 - Blocked Shots : 8 - Penalty Minutes : 8
Senateurs - Hits : 17 - Faceoff Wins : 21 - Blocked Shots : 7 - Penalty Minutes : 16
Official
Referees : Banfield David and Kozari Steve
Linesman : Jean Morin and Ryan Galloway
Game Notes
Mike Brodeur enters game at 5:59 of 3rd period
Finance
Level 1 -- Attendance: 6000 (100.00%) -- Ticket Income $498,000
Level 2 -- Attendance: 5000 (100.00%) -- Ticket Income $265,000
Level 3 -- Attendance: 1914 (95.70%) -- Ticket Income $63,162
Level 4 -- Attendance: 3761 (94.03%) -- Ticket Income $86,503
Luxury Box -- Attendance: 896 (89.60%) -- Ticket Income $138,880
Game was played at the Place Banque Scotia.
Total Attendance: 17571 (97.62%)
Total Ticket Income: $1,051,545
Other Income: $157,732
Total Income: $1,209,277
Kings
5 vs 5 Forward
Center Left Wing Right Wing Time % Phy DF OF
1 Anze Kopitar Johnny Gaudreau Jason Pominville 35 1 1 3
2 Mike Comrie Drew Miller Nikita Kucherov 30 1 1 3
3 Jordan Nolan Chris Mcallister Ryan Callahan 30 2 1 2
4 Darroll Powe Vojtech Polak Connor Brown 5 1 2 2
5 vs 5 Defense
Defense Defense Time % Phy DF OF
1 Drew Doughty Michal Rozsival 35 0 3 2
2 Torey Krug Ian White 35 0 3 2
3 Brendan Smith Matt Irwin 30 0 3 2
4 Drew Doughty Michal Rozsival 0 1 3 1
PowerPlay Forward
Center Left Wing Right Wing Time % Phy DF OF
1 Jordan Nolan Anze Kopitar Jason Pominville 60 0 1 4
2 Johnny Gaudreau Drew Miller Nikita Kucherov 40 0 2 3
PowerPlay Defense
Defense Defense Time % Phy DF OF
1 Drew Doughty Brendan Smith 60 0 2 3
2 Ian White Torey Krug 40 0 2 3
Penalty Kill 4 Players Forward
Center Wing Time % Phy DF OF
1 Mike Comrie Chris Mcallister 60 0 4 1
2 Jason Pominville Drew Miller 40 0 4 1
Penalty Kill 4 Players Defense
Defense Defense Time % Phy DF OF
1 Brendan Smith Michal Rozsival 60 1 4 0
2 Torey Krug Drew Doughty 40 1 4 0
Penalty Kill - 3 Players Forward
Forward Time % Phy DF OF
1 Anze Kopitar 60 1 4 0
2 Mike Comrie 40 1 4 0
Penalty Kill - 3 Players Defense
Defense Defense Time % Phy DF OF
1 Michal Rozsival Brendan Smith 60 0 5 0
2 Torey Krug Drew Doughty 40 0 5 0
4 vs 4 Forward
Center Wing Time % Phy DF OF
1 Anze Kopitar Drew Miller 60 1 2 2
2 Jordan Nolan Jason Pominville 40 1 2 2
4 vs 4 Defense
Defense Defense Time % Phy DF OF
1 Drew Doughty Michal Rozsival 60 1 2 2
2 Ian White Torey Krug 40 1 2 2
Last Minutes Offensive
Center Left Wing Right Wing Defense Defense
Anze Kopitar Drew Miller Jason Pominville Torey Krug Drew Doughty
Last Minutes Defensive
Center Left Wing Right Wing Defense Defense
Anze Kopitar Chris Mcallister Jason Pominville Brendan Smith Drew Doughty
Goaltenders
Starting : Frederik Andersen
Backup : Mike Brodeur
Extra Forwards
Normal : Mike Comrie, Anze Kopitar, Jason Pominville - PP : Ryan Callahan, Connor Brown - PK : Anze Kopitar
Extra Defensemen
Normal : Torey Krug, Matt Irwin, Brendan Smith - PP : Matt Irwin - PK : Torey Krug, Matt Irwin
Penalty Shots
Jordan Nolan, Ryan Callahan, Anze Kopitar, Nikita Kucherov, Drew Miller
Scratches
Patrick Kaleta (Separated Left Shoulder Injury), Peter Worrell (Sore Right Knee Injury)
Senateurs
5 vs 5 Forward
Center Left Wing Right Wing Time % Phy DF OF
1 Evgeni Malkin Thomas Vanek George Parros 40 1 2 2
2 Cody Hodgson Brenden Morrow Johan Franzen 30 1 2 2
3 Brandon Dubinsky Ramzi Abid B.J. Crombeen 20 1 2 2
4 Rob Schremp Evgeni Malkin Milan Hejduk 10 1 2 2
5 vs 5 Defense
Defense Defense Time % Phy DF OF
1 Dan Hamhuis Kurtis Foster 40 1 2 2
2 Carlo Colaiacovo Vladimir Mihalik 30 1 2 2
3 Dan Girardi Arturs Kulda 20 1 2 2
4 Dan Hamhuis Kurtis Foster 10 1 2 2
PowerPlay Forward
Center Left Wing Right Wing Time % Phy DF OF
1 Evgeni Malkin Thomas Vanek George Parros 60 1 2 2
2 Cody Hodgson Brenden Morrow Johan Franzen 40 1 2 2
PowerPlay Defense
Defense Defense Time % Phy DF OF
1 Dan Hamhuis Kurtis Foster 60 1 2 2
2 Carlo Colaiacovo Vladimir Mihalik 40 1 2 2
Penalty Kill 4 Players Forward
Center Wing Time % Phy DF OF
1 Evgeni Malkin Thomas Vanek 60 1 2 2
2 Brenden Morrow George Parros 40 1 2 2
Penalty Kill 4 Players Defense
Defense Defense Time % Phy DF OF
1 Dan Hamhuis Kurtis Foster 60 1 2 2
2 Carlo Colaiacovo Vladimir Mihalik 40 1 2 2
Penalty Kill - 3 Players Forward
Forward Time % Phy DF OF
1 Evgeni Malkin 60 1 2 2
2 Thomas Vanek 40 1 2 2
Penalty Kill - 3 Players Defense
Defense Defense Time % Phy DF OF
1 Dan Hamhuis Kurtis Foster 60 1 2 2
2 Carlo Colaiacovo Vladimir Mihalik 40 1 2 2
4 vs 4 Forward
Center Wing Time % Phy DF OF
1 Evgeni Malkin Thomas Vanek 60 1 2 2
2 Brenden Morrow George Parros 40 1 2 2
4 vs 4 Defense
Defense Defense Time % Phy DF OF
1 Dan Hamhuis Kurtis Foster 60 1 2 2
2 Carlo Colaiacovo Vladimir Mihalik 40 1 2 2
Last Minutes Offensive
Center Left Wing Right Wing Defense Defense
Evgeni Malkin Thomas Vanek George Parros Dan Hamhuis Kurtis Foster
Last Minutes Defensive
Center Left Wing Right Wing Defense Defense
Evgeni Malkin Thomas Vanek George Parros Dan Hamhuis Kurtis Foster
Goaltenders
Starting : Ondrej Pavelec
Backup : Jeff Deslauriers
Extra Forwards
Normal : Pascal Dupuis, B.J. Crombeen, Ramzi Abid - PP : Pascal Dupuis, B.J. Crombeen - PK : Ramzi Abid
Extra Defensemen
Normal : Dan Girardi, Arturs Kulda, Carlo Colaiacovo - PP : Dan Girardi - PK : Arturs Kulda, Carlo Colaiacovo
Penalty Shots
Evgeni Malkin, Thomas Vanek, Brenden Morrow, George Parros, Johan Franzen
Scratches
Brooks Orpik (Healthy), Ryan Malone (Healthy)
% Time on Ice - Kings
Lines # - Real PCT - Wanted PCT - Time Play
Normal Forward
1 - 30% - 35% - 11:20
2 - 24% - 30% - 9:06
3 - 24% - 30% - 8:56
4 - 22% - 5% - 8:31
Normal Defense
1 - 37% - 35% - 13:50
2 - 36% - 35% - 13:31
3 - 28% - 30% - 10:32
4 - 0% - 0% - 0:00
PP Forward
1 - 55% - 60% - 7:52
2 - 45% - 40% - 6:19
PP Defense
1 - 58% - 60% - 8:16
2 - 42% - 40% - 5:55
PK Forward
1 - 78% - 60% - 6:12
2 - 22% - 40% - 1:44
PK Defense
1 - 70% - 60% - 5:32
2 - 30% - 40% - 2:24
PK3 Forward
1 - 0% - 60%
2 - 0% - 40%
PK3 Defense
1 - 0% - 60%
2 - 0% - 40%
44 Forward
1 - 0% - 60%
2 - 0% - 40%
44 Defense
1 - 0% - 60%
2 - 0% - 40%
Last Minute Offensive - 0:00
Last Minute Defensive - 0:00
Total
Forward - 60:00
Defense - 60:00
|
% Time on Ice - Senateurs
Lines # - Real PCT - Wanted PCT - Time Play
Normal Forward
1 - 28% - 40% - 10:47
2 - 31% - 30% - 11:48
3 - 29% - 20% - 10:52
4 - 12% - 10% - 4:26
Normal Defense
1 - 39% - 40% - 14:57
2 - 31% - 30% - 11:36
3 - 30% - 20% - 11:20
4 - 0% - 10% - 0:00
PP Forward
1 - 56% - 60% - 4:28
2 - 44% - 40% - 3:28
PP Defense
1 - 52% - 60% - 4:08
2 - 48% - 40% - 3:48
PK Forward
1 - 72% - 60% - 9:02
2 - 28% - 40% - 3:28
PK Defense
1 - 59% - 60% - 7:26
2 - 41% - 40% - 5:04
PK3 Forward
1 - 79% - 60% - 1:20
2 - 21% - 40% - 0:21
PK3 Defense
1 - 100% - 60% - 1:41
2 - 0% - 40% - 0:00
44 Forward
1 - 0% - 60%
2 - 0% - 40%
44 Defense
1 - 0% - 60%
2 - 0% - 40%
Last Minute Offensive - 0:00
Last Minute Defensive - 0:00
Total
Forward - 60:00
Defense - 60:00
|
Play by Play
1st period
0:01 of 1st period - Anze Kopitar wins face-off versus Thomas Vanek in neutral zone.
0:13 of 1st period - Slapshot by Anze Kopitar.
0:13 of 1st period - Stopped by Ondrej Pavelec with a rebound.
0:48 of 1st period - Backhand shot by Ian White.
0:48 of 1st period - Shot Misses the Net.
0:50 of 1st period - Slapshot by Ian White.
0:50 of 1st period - Shot Misses the Net.
1:46 of 1st period - Wrist shot by Cody Hodgson.
1:46 of 1st period - Stopped by Frederik Andersen with a rebound.
1:48 of 1st period - Snap shot by Cody Hodgson.
1:48 of 1st period - Goal by Cody Hodgson - Kings : 0 - Senateurs : 1.
1:49 of 1st period - Evgeni Malkin wins face-off versus Jordan Nolan in neutral zone.
1:54 of 1st period - Wrist shot by Evgeni Malkin.
1:54 of 1st period - Stopped by Frederik Andersen with a rebound.
2:02 of 1st period - Evgeni Malkin is hit by Chris Mcallister and loses puck.
2:20 of 1st period - Wrist shot by Brandon Dubinsky.
2:20 of 1st period - Shot Misses the Net.
2:35 of 1st period - Icing by Michal Rozsival.
2:36 of 1st period - Anze Kopitar wins face-off versus Cody Hodgson in Kings zone.
2:46 of 1st period - Jason Pominville is hit by Cody Hodgson and loses puck.
3:01 of 1st period - Snap shot by Brandon Dubinsky.
3:01 of 1st period - Stopped by Frederik Andersen with a rebound.
3:03 of 1st period - Backhand shot by Vladimir Mihalik.
3:03 of 1st period - Shot Blocked by Michal Rozsival.
3:16 of 1st period - Minor Penalty to Vladimir Mihalik for Holding.
3:17 of 1st period - Evgeni Malkin wins face-off versus Johnny Gaudreau in Senateurs zone.
4:13 of 1st period - Jason Pominville is hit by George Parros and loses puck.
5:16 of 1st period - Penalty to Vladimir Mihalik is over, Vladimir Mihalik is back on ice.
5:30 of 1st period - Slapshot by Vladimir Mihalik.
5:30 of 1st period - Goal by Vladimir Mihalik - Kings : 0 - Senateurs : 2.
5:31 of 1st period - Evgeni Malkin wins face-off versus Jordan Nolan in neutral zone.
5:52 of 1st period - Minor Penalty to Vladimir Mihalik for Hooking.
5:53 of 1st period - Jordan Nolan wins face-off versus Evgeni Malkin in Senateurs zone.
5:58 of 1st period - Snap shot by Anze Kopitar.
5:58 of 1st period - Deflect By Jordan Nolan.
5:58 of 1st period - Stopped by Ondrej Pavelec with a rebound.
7:15 of 1st period - Brenden Morrow is hit by Jason Pominville and loses puck.
7:44 of 1st period - Johnny Gaudreau is hit by George Parros and loses puck.
7:52 of 1st period - Penalty to Vladimir Mihalik is over, Vladimir Mihalik is back on ice.
9:22 of 1st period - Slapshot by Darroll Powe.
9:22 of 1st period - Shot Misses the Net.
10:24 of 1st period - Ian White is hit by Kurtis Foster and loses puck.
10:48 of 1st period - Slapshot by Darroll Powe.
10:48 of 1st period - Shot Misses the Net.
11:07 of 1st period - Backhand shot by B.J. Crombeen.
11:07 of 1st period - Shot Blocked by Ian White.
11:13 of 1st period - Brandon Dubinsky is hit by Ian White and loses puck.
11:40 of 1st period - Slapshot by Brandon Dubinsky.
11:40 of 1st period - Shot Misses the Net.
11:42 of 1st period - Wrist shot by Ramzi Abid.
11:42 of 1st period - Goal by Ramzi Abid - Kings : 0 - Senateurs : 3.
11:43 of 1st period - Mike Comrie wins face-off versus Evgeni Malkin in neutral zone.
12:04 of 1st period - Mike Comrie is hit by George Parros.
12:20 of 1st period - Slapshot by Jordan Nolan.
12:20 of 1st period - Shot Misses the Net.
12:23 of 1st period - Icing by Johan Franzen.
12:24 of 1st period - Anze Kopitar wins face-off versus Cody Hodgson in Senateurs zone.
12:29 of 1st period - Wrist shot by Jason Pominville.
12:29 of 1st period - Stopped by Ondrej Pavelec with a rebound.
13:02 of 1st period - Minor Penalty to Anze Kopitar for Holding.
13:03 of 1st period - Evgeni Malkin wins face-off versus Mike Comrie in Kings zone.
13:07 of 1st period - Wrist shot by George Parros.
13:07 of 1st period - Shot Blocked by Brendan Smith.
13:17 of 1st period - Snap shot by Thomas Vanek.
13:17 of 1st period - Shot Misses the Net.
13:19 of 1st period - Snap shot by George Parros.
13:19 of 1st period - Deflect By Evgeni Malkin.
13:19 of 1st period - Stopped by Frederik Andersen with a rebound.
13:29 of 1st period - Mike Comrie is hit by Vladimir Mihalik and loses puck.
14:06 of 1st period - Torey Krug is hit by Brenden Morrow and loses puck.
15:02 of 1st period - Penalty to Anze Kopitar is over, Anze Kopitar is back on ice.
16:20 of 1st period - Kurtis Foster is hit by Chris Mcallister and loses puck.
16:58 of 1st period - Slapshot by Drew Doughty.
16:58 of 1st period - Deflect By Connor Brown.
16:58 of 1st period - Shot Misses the Net.
16:58 of 1st period - Puck is out of play.
16:59 of 1st period - Anze Kopitar wins face-off versus Cody Hodgson in Senateurs zone.
17:04 of 1st period - Wrist shot by Anze Kopitar.
17:04 of 1st period - Shot Hit the Post.
17:06 of 1st period - Slapshot by Johnny Gaudreau.
17:06 of 1st period - Shot Misses the Net.
17:08 of 1st period - Slapshot by Johnny Gaudreau.
17:08 of 1st period - Deflect By Cody Hodgson.
17:08 of 1st period - Shot Blocked by Dan Hamhuis.
17:08 of 1st period - Puck is out of play.
17:09 of 1st period - Anze Kopitar wins face-off versus Evgeni Malkin in Senateurs zone.
17:23 of 1st period - Minor Penalty to Kurtis Foster for Interference.
17:24 of 1st period - Jordan Nolan wins face-off versus Evgeni Malkin in Senateurs zone.
17:37 of 1st period - Snap shot by Anze Kopitar.
17:37 of 1st period - Stopped by Ondrej Pavelec without a rebound.
17:38 of 1st period - Thomas Vanek wins face-off versus Jordan Nolan in Senateurs zone.
17:38 of 1st period - Thomas Vanek is hit by Anze Kopitar.
17:41 of 1st period - Minor Penalty to Arturs Kulda for High sticking.
17:42 of 1st period - Jordan Nolan wins face-off versus Evgeni Malkin in Senateurs zone.
17:48 of 1st period - Snap shot by Anze Kopitar.
17:48 of 1st period - Shot Misses the Net.
17:50 of 1st period - Wrist shot by Jordan Nolan.
17:50 of 1st period - Stopped by Ondrej Pavelec with a rebound.
17:52 of 1st period - Snap shot by Jordan Nolan.
17:52 of 1st period - Stopped by Ondrej Pavelec without a rebound.
17:53 of 1st period - Evgeni Malkin wins face-off versus Jordan Nolan in Senateurs zone.
18:02 of 1st period - Slapshot by Drew Doughty.
18:02 of 1st period - Shot Misses the Net.
18:04 of 1st period - Snap shot by Anze Kopitar.
18:04 of 1st period - Shot Hit the Post.
18:06 of 1st period - Snap shot by Anze Kopitar.
18:06 of 1st period - Shot Misses the Net.
18:10 of 1st period - Slapshot by Jason Pominville.
18:10 of 1st period - Shot Misses the Net.
18:28 of 1st period - Snap shot by Johnny Gaudreau.
18:28 of 1st period - Deflect By Drew Miller.
18:28 of 1st period - Shot Misses the Net.
18:28 of 1st period - Puck is out of play.
18:29 of 1st period - Evgeni Malkin wins face-off versus Jordan Nolan in Senateurs zone.
18:50 of 1st period - Brendan Smith is hit by Thomas Vanek and loses puck.
19:23 of 1st period - Penalty to Kurtis Foster is over, Kurtis Foster is back on ice.
19:41 of 1st period - Penalty to Arturs Kulda is over, Arturs Kulda is back on ice.
19:52 of 1st period - Wrist shot by Brenden Morrow.
19:52 of 1st period - Shot Blocked by Drew Doughty.
19:58 of 1st period - Johan Franzen is hit by Vojtech Polak and loses puck.
Goals for this period are 0 for Kings vs 3 for Senateurs.
Shots for this period are 6 for Kings vs 7 for Senateurs.
2nd period
0:01 of 2nd period - Jordan Nolan wins face-off versus Evgeni Malkin in neutral zone.
0:04 of 2nd period - Wrist shot by Chris Mcallister.
0:04 of 2nd period - Shot Hit the Post.
0:12 of 2nd period - Snap shot by George Parros.
0:12 of 2nd period - Shot Blocked by Chris Mcallister.
0:14 of 2nd period - Wrist shot by George Parros.
0:14 of 2nd period - Stopped by Frederik Andersen with a rebound.
0:16 of 2nd period - Snap shot by Evgeni Malkin.
0:16 of 2nd period - Shot Misses the Net.
0:56 of 2nd period - Backhand shot by Jason Pominville.
0:56 of 2nd period - Shot Blocked by Brenden Morrow.
0:58 of 2nd period - Snap shot by Johnny Gaudreau.
0:58 of 2nd period - Stopped by Ondrej Pavelec with a rebound.
1:00 of 2nd period - Slapshot by Matt Irwin.
1:00 of 2nd period - Shot Misses the Net.
1:16 of 2nd period - Wrist shot by Evgeni Malkin.
1:16 of 2nd period - Stopped by Frederik Andersen without a rebound.
1:17 of 2nd period - Evgeni Malkin wins face-off versus Mike Comrie in Kings zone.
1:22 of 2nd period - Wrist shot by George Parros.
1:22 of 2nd period - Shot Misses the Net.
1:24 of 2nd period - Slapshot by George Parros.
1:24 of 2nd period - Shot Misses the Net.
1:28 of 2nd period - Wrist shot by Evgeni Malkin.
1:28 of 2nd period - Shot Misses the Net.
1:30 of 2nd period - Slapshot by Vladimir Mihalik.
1:30 of 2nd period - Shot Blocked by Michal Rozsival.
1:32 of 2nd period - Snap shot by George Parros.
1:32 of 2nd period - Stopped by Frederik Andersen with a rebound.
1:38 of 2nd period - Minor Penalty to Michal Rozsival for Hooking.
1:39 of 2nd period - Evgeni Malkin wins face-off versus Chris Mcallister in Kings zone.
3:38 of 2nd period - Penalty to Michal Rozsival is over, Michal Rozsival is back on ice.
3:52 of 2nd period - Wrist shot by B.J. Crombeen.
3:52 of 2nd period - Stopped by Frederik Andersen with a rebound.
4:06 of 2nd period - Dan Girardi is hit by Drew Doughty and loses puck.
4:15 of 2nd period - Wrist shot by Drew Doughty.
4:15 of 2nd period - Stopped by Ondrej Pavelec without a rebound.
4:16 of 2nd period - Brandon Dubinsky wins face-off versus Jordan Nolan in Senateurs zone.
4:31 of 2nd period - Ramzi Abid is hit by Brendan Smith and loses puck.
4:52 of 2nd period - Mike Comrie is hit by Brenden Morrow and loses puck.
5:10 of 2nd period - Icing by Johnny Gaudreau.
5:11 of 2nd period - Anze Kopitar wins face-off versus Evgeni Malkin in Kings zone.
5:30 of 2nd period - Wrist shot by Jason Pominville.
5:30 of 2nd period - Shot Blocked by Carlo Colaiacovo.
5:32 of 2nd period - Snap shot by Johnny Gaudreau.
5:32 of 2nd period - Shot Misses the Net.
5:34 of 2nd period - Backhand shot by Brendan Smith.
5:34 of 2nd period - Shot Blocked by Vladimir Mihalik.
5:38 of 2nd period - Snap shot by Anze Kopitar.
5:38 of 2nd period - Stopped by Ondrej Pavelec without a rebound.
5:39 of 2nd period - Jordan Nolan wins face-off versus Cody Hodgson in Senateurs zone.
5:48 of 2nd period - Wrist shot by Chris Mcallister.
5:48 of 2nd period - Deflect By Cody Hodgson.
5:48 of 2nd period - Stopped by Ondrej Pavelec with a rebound.
6:00 of 2nd period - Minor Penalty to Michal Rozsival for Interference.
6:01 of 2nd period - Evgeni Malkin wins face-off versus Mike Comrie in Kings zone.
8:00 of 2nd period - Penalty to Michal Rozsival is over, Michal Rozsival is back on ice.
8:14 of 2nd period - Slapshot by Drew Doughty.
8:14 of 2nd period - Shot Misses the Net.
8:16 of 2nd period - Wrist shot by Darroll Powe.
8:16 of 2nd period - Stopped by Ondrej Pavelec without a rebound.
8:17 of 2nd period - Anze Kopitar wins face-off versus Rob Schremp in Senateurs zone.
9:04 of 2nd period - Jordan Nolan is hit by Brenden Morrow and loses puck.
9:40 of 2nd period - Icing by Ramzi Abid.
9:41 of 2nd period - Mike Comrie wins face-off versus Brandon Dubinsky in Senateurs zone.
10:18 of 2nd period - Jordan Nolan is hit by Thomas Vanek and loses puck.
11:22 of 2nd period - Icing by Dan Hamhuis.
11:23 of 2nd period - Cody Hodgson wins face-off versus Anze Kopitar in Senateurs zone.
12:02 of 2nd period - Wrist shot by Nikita Kucherov.
12:02 of 2nd period - Shot Misses the Net.
12:04 of 2nd period - Snap shot by Mike Comrie.
12:04 of 2nd period - Shot Blocked by Vladimir Mihalik.
12:06 of 2nd period - Snap shot by Nikita Kucherov.
12:06 of 2nd period - Stopped by Ondrej Pavelec with a rebound.
12:12 of 2nd period - Minor Penalty to Vladimir Mihalik for Roughing.
12:13 of 2nd period - Jason Pominville wins face-off versus Evgeni Malkin in Senateurs zone.
12:16 of 2nd period - Snap shot by Jason Pominville.
12:16 of 2nd period - Stopped by Ondrej Pavelec without a rebound.
12:17 of 2nd period - Jordan Nolan wins face-off versus Evgeni Malkin in Senateurs zone.
12:44 of 2nd period - Thomas Vanek is hit by Drew Miller and loses puck.
13:29 of 2nd period - Carlo Colaiacovo is hit by Anze Kopitar.
14:12 of 2nd period - Penalty to Vladimir Mihalik is over, Vladimir Mihalik is back on ice.
14:54 of 2nd period - Arturs Kulda is hit by Mike Comrie and loses puck.
15:42 of 2nd period - Minor Penalty to Brandon Dubinsky for Roughing.
15:43 of 2nd period - Anze Kopitar wins face-off versus Evgeni Malkin in Senateurs zone.
17:16 of 2nd period - Icing by Anze Kopitar.
17:17 of 2nd period - Ramzi Abid wins face-off versus Jordan Nolan in Kings zone.
17:42 of 2nd period - Penalty to Brandon Dubinsky is over, Brandon Dubinsky is back on ice.
18:02 of 2nd period - Brenden Morrow is hit by Brendan Smith and loses puck.
18:32 of 2nd period - Snap shot by B.J. Crombeen.
18:32 of 2nd period - Shot Misses the Net.
19:22 of 2nd period - Slapshot by Jason Pominville.
19:22 of 2nd period - Shot Misses the Net.
19:42 of 2nd period - Carlo Colaiacovo is hit by Connor Brown and loses puck.
19:46 of 2nd period - Icing by Carlo Colaiacovo.
19:47 of 2nd period - Cody Hodgson wins face-off versus Darroll Powe in Senateurs zone.
19:54 of 2nd period - Brenden Morrow is hit by Michal Rozsival and loses puck.
Goals for this period are 0 for Kings vs 0 for Senateurs.
Shots for this period are 7 for Kings vs 4 for Senateurs.
3rd period
0:01 of 3rd period - Mike Comrie wins face-off versus Evgeni Malkin in neutral zone.
0:31 of 3rd period - Backhand shot by Drew Doughty.
0:31 of 3rd period - Shot Misses the Net.
0:49 of 3rd period - Snap shot by B.J. Crombeen.
0:49 of 3rd period - Stopped by Frederik Andersen with a rebound.
0:51 of 3rd period - Wrist shot by Brandon Dubinsky.
0:51 of 3rd period - Deflect By Jordan Nolan.
0:51 of 3rd period - Stopped by Frederik Andersen with a rebound.
0:53 of 3rd period - Backhand shot by Dan Hamhuis.
0:53 of 3rd period - Deflect By Ramzi Abid.
0:53 of 3rd period - Shot Blocked by Jordan Nolan.
0:53 of 3rd period - Puck is out of play.
0:54 of 3rd period - Brandon Dubinsky wins face-off versus Mike Comrie in Kings zone.
1:09 of 3rd period - Snap shot by Drew Miller.
1:09 of 3rd period - Shot Misses the Net.
1:11 of 3rd period - Snap shot by Mike Comrie.
1:11 of 3rd period - Shot Blocked by Vladimir Mihalik.
1:30 of 3rd period - Slapshot by Jason Pominville.
1:30 of 3rd period - Stopped by Ondrej Pavelec with a rebound.
1:58 of 3rd period - Brenden Morrow is hit by Vojtech Polak and loses puck.
2:03 of 3rd period - Backhand shot by Matt Irwin.
2:03 of 3rd period - Stopped by Ondrej Pavelec without a rebound.
2:04 of 3rd period - Mike Comrie wins face-off versus Evgeni Malkin in Senateurs zone.
2:52 of 3rd period - Snap shot by George Parros.
2:52 of 3rd period - Deflect By Evgeni Malkin.
2:52 of 3rd period - Deflect By Chris Mcallister.
2:52 of 3rd period - Stopped by Frederik Andersen without a rebound.
2:53 of 3rd period - Johnny Gaudreau wins face-off versus Cody Hodgson in Kings zone.
2:53 of 3rd period - Johnny Gaudreau is hit by Carlo Colaiacovo.
3:18 of 3rd period - Icing by Vladimir Mihalik.
3:19 of 3rd period - Mike Comrie wins face-off versus Brandon Dubinsky in Senateurs zone.
3:29 of 3rd period - Snap shot by Drew Miller.
3:29 of 3rd period - Stopped by Ondrej Pavelec with a rebound.
3:31 of 3rd period - Wrist shot by Drew Miller.
3:31 of 3rd period - Stopped by Ondrej Pavelec with a rebound.
4:31 of 3rd period - Snap shot by Drew Miller.
4:31 of 3rd period - Shot Misses the Net.
5:40 of 3rd period - Wrist shot by Jordan Nolan.
5:40 of 3rd period - Stopped by Ondrej Pavelec with a rebound.
5:42 of 3rd period - Snap shot by Jordan Nolan.
5:42 of 3rd period - Deflect By Thomas Vanek.
5:42 of 3rd period - Stopped by Ondrej Pavelec with a rebound.
5:51 of 3rd period - Off-side.
5:52 of 3rd period - Brandon Dubinsky wins face-off versus Mike Comrie in neutral zone.
5:59 of 3rd period - Slapshot by B.J. Crombeen.
5:59 of 3rd period - Goal by B.J. Crombeen - Kings : 0 - Senateurs : 4.
5:59 of 3rd period - Mike Brodeur enters game.
6:00 of 3rd period - Evgeni Malkin wins face-off versus Anze Kopitar in neutral zone.
6:11 of 3rd period - Slapshot by Johnny Gaudreau.
6:11 of 3rd period - Shot Misses the Net.
6:13 of 3rd period - Snap shot by Johnny Gaudreau.
6:13 of 3rd period - Shot Misses the Net.
6:23 of 3rd period - Minor Penalty to Kurtis Foster for High sticking.
6:24 of 3rd period - Jordan Nolan wins face-off versus Evgeni Malkin in Senateurs zone.
6:29 of 3rd period - Snap shot by Jordan Nolan.
6:29 of 3rd period - Stopped by Ondrej Pavelec with a rebound.
6:35 of 3rd period - Snap shot by Anze Kopitar.
6:35 of 3rd period - Shot Misses the Net.
6:51 of 3rd period - Thomas Vanek is hit by Johnny Gaudreau and loses puck.
7:14 of 3rd period - Brenden Morrow is hit by Jordan Nolan and loses puck.
8:23 of 3rd period - Penalty to Kurtis Foster is over, Kurtis Foster is back on ice.
8:46 of 3rd period - Wrist shot by Evgeni Malkin.
8:46 of 3rd period - Deflect By Ramzi Abid.
8:46 of 3rd period - Shot Misses the Net.
8:46 of 3rd period - Puck is out of play.
8:47 of 3rd period - Darroll Powe wins face-off versus Cody Hodgson in Kings zone.
9:14 of 3rd period - Slapshot by Arturs Kulda.
9:14 of 3rd period - Shot Blocked by Drew Doughty.
9:16 of 3rd period - Slapshot by Dan Hamhuis.
9:16 of 3rd period - Stopped by Mike Brodeur with a rebound.
9:18 of 3rd period - Wrist shot by Ramzi Abid.
9:18 of 3rd period - Shot Misses the Net.
9:47 of 3rd period - Off-side.
9:48 of 3rd period - Cody Hodgson wins face-off versus Ryan Callahan in neutral zone.
10:13 of 3rd period - Vladimir Mihalik is hit by Anze Kopitar and loses puck.
10:18 of 3rd period - Snap shot by Johnny Gaudreau.
10:18 of 3rd period - Goal by Johnny Gaudreau - Kings : 1 - Senateurs : 4.
10:19 of 3rd period - Mike Comrie wins face-off versus Evgeni Malkin in neutral zone.
10:19 of 3rd period - Minor Penalty to Mike Comrie for Holding.
10:20 of 3rd period - Evgeni Malkin wins face-off versus Chris Mcallister in Kings zone.
10:21 of 3rd period - Slapshot by Thomas Vanek.
10:21 of 3rd period - Stopped by Mike Brodeur without a rebound.
10:22 of 3rd period - Anze Kopitar wins face-off versus Evgeni Malkin in Kings zone.
11:45 of 3rd period - Dan Hamhuis is hit by Johnny Gaudreau and loses puck.
12:19 of 3rd period - Penalty to Mike Comrie is over, Mike Comrie is back on ice.
12:22 of 3rd period - Anze Kopitar is hit by Evgeni Malkin and loses puck.
12:39 of 3rd period - Slapshot by Drew Doughty.
12:39 of 3rd period - Deflect By Drew Miller.
12:39 of 3rd period - Stopped by Ondrej Pavelec without a rebound.
12:40 of 3rd period - Brandon Dubinsky wins face-off versus Mike Comrie in Senateurs zone.
13:06 of 3rd period - Matt Irwin is hit by Brenden Morrow and loses puck.
13:31 of 3rd period - Slapshot by Rob Schremp.
13:31 of 3rd period - Deflect By Milan Hejduk.
13:31 of 3rd period - Stopped by Mike Brodeur with a rebound.
13:33 of 3rd period - Slapshot by Rob Schremp.
13:33 of 3rd period - Shot Misses the Net.
13:35 of 3rd period - Wrist shot by Rob Schremp.
13:35 of 3rd period - Stopped by Mike Brodeur without a rebound.
13:36 of 3rd period - Brandon Dubinsky wins face-off versus Anze Kopitar in Kings zone.
14:01 of 3rd period - Torey Krug is hit by George Parros and loses puck.
14:18 of 3rd period - Minor Penalty to Vladimir Mihalik for Roughing.
14:19 of 3rd period - Jordan Nolan wins face-off versus Evgeni Malkin in Senateurs zone.
14:54 of 3rd period - Slapshot by Brendan Smith.
14:54 of 3rd period - Stopped by Ondrej Pavelec with a rebound.
14:56 of 3rd period - Wrist shot by Nikita Kucherov.
14:56 of 3rd period - Shot Blocked by Dan Hamhuis.
15:52 of 3rd period - Drew Miller is hit by Brenden Morrow and loses puck.
16:18 of 3rd period - Penalty to Vladimir Mihalik is over, Vladimir Mihalik is back on ice.
17:07 of 3rd period - Nikita Kucherov is hit by Brandon Dubinsky and loses puck.
17:57 of 3rd period - Snap shot by Rob Schremp.
17:57 of 3rd period - Shot Misses the Net.
18:47 of 3rd period - Evgeni Malkin is hit by Anze Kopitar and loses puck.
Goals for this period are 1 for Kings vs 1 for Senateurs.
Shots for this period are 10 for Kings vs 8 for Senateurs.
Back to the Top